 Dungeon Crawl Stone Soup version 0.31.0-32-g396128a36d (webtiles) character file.

Game seed: 4509636543691107689

2437 Peloso the Carver (level 9, 0/79 HPs)
             Began as a Minotaur Fighter on Apr 17, 2024.
             Was a Believer of Okawaru.
             Slain by a wolf (9 damage)
             ... in a bailey.
             The game lasted 00:13:56 (6530 turns).

Peloso the Carver (Minotaur Fighter)                Turns: 6530, Time: 00:13:57

Health: 0/79       AC: 16    Str: 22    XL:     9   Next: 25%
Magic:  8/8        EV:  7    Int:  5    God:    Okawaru [**....]
Gold:   504        SH: 11    Dex: 13    Spells: 8/8 levels left

rFire   . . .        a - +0 long sword
rCold   . . .        d - +0 buckler
rNeg    + . .        m - +0 plate armour
rPois   .            (helmet restricted)
rElec   .            (no cloak)
rCorr   .            z - +0 pair of gloves {Stlth+}
SInv    .            c - +0 pair of boots
Will    +....        e - amulet of reflection Stlth
                     f - ring of willpower
HPRegen 0.33/turn    v - ring of positive energy
MPRegen 0.11/turn

%: reflection
@: hasted, very quick
A: horns 2, retaliatory headbutt
a: Renounce Religion, Heroism


You were in a bailey.
You worshipped Okawaru.
Okawaru was pleased with you.
You visited 2 branches of the dungeon, and saw 8 of its levels.
You also visited: Sewer and Bailey.

You collected 504 gold pieces.

Inventory:

Hand Weapons
 a - a +0 long sword (weapon)
Missiles
 o - 4 throwing nets (quivered)
Armour
 b - a +3 scale mail
 c - a +0 pair of boots (worn)
 d - a +0 buckler (worn)
 m - a +0 plate armour (worn)
 z - a +0 pair of gloves of stealth (worn)
Jewellery
 e - an amulet of reflection (around neck)
 f - a ring of willpower (left hand)
 v - a ring of positive energy (right hand)
Wands
 j - a wand of acid (11)
 s - a wand of polymorph (2)
Scrolls
 i - a scroll of fear
 k - 2 scrolls of teleportation
 l - 2 scrolls of fog
 q - a scroll of amnesia {unknown}
 r - a scroll of blinking {unknown}
 u - 2 scrolls of enchant armour {unknown}
 x - a scroll of immolation {unknown}
 y - a scroll of enchant weapon {unknown}
 C - a scroll of silence {unknown}
Potions
 g - a potion of might
 p - 2 potions of resistance
 t - a potion of ambrosia {unknown}
 w - a potion of magic {unknown}
 A - a potion of brilliance {unknown}


   Skills:
 + Level 7.3 Fighting
 + Level 8.7 Long Blades
 + Level 7.5 Armour
 + Level 2.1 Dodging
 + Level 1.3 Stealth
 + Level 7.9 Shields
 + Level 1.5 Unarmed Combat
 + Level 1.1 Evocations


You had 8 spell levels left.
You didn't know any spells.
Your spell library contained the following spells:

 Spells                   Type           Power      Damage    Failure   Level
 Blink                    Tloc           0%         N/A       100%        2
 Lesser Beckoning         Tloc           0%         N/A       100%        2
 Momentum Strike          Conj/Tloc      0%         3d8       100%        2
 Inner Flame              Hex/Fire       0%         N/A       100%        3
 Flame Wave               Conj/Fire      0%         2d4       100%        4
 Sticky Flame             Fire/Alch      0%         2d4       100%        4


Dungeon Overview and Level Annotations

Branches:
Dungeon (7/15)             Temple (1/1) D:4           Sewer (visited)
 Bailey (1/1)

Altars:
Cheibriados
Dithmenos
Gozag
Hepliaklqana
Kikubaaqudgha
Makhleb
Nemelex Xobeh
Okawaru
Qazlal
Ru
Sif Muna
Trog
Uskayaw
Vehumet
Xom
Yredelemnul
Zin
The Shining One

Shops:
D:4 [   D:7 (

Annotations:
D:4 Dowan, Duvessa


Innate Abilities, Weirdness & Mutations

You have a pair of horns on your head.
You reflexively headbutt those who attack you in melee.


Message History

You block the wolf's attack.
Things that are here:
a +0 trident; a +0 chain mail The wolf bites you!
* * * LOW HITPOINT WARNING * * *
There is an open gate, spattered with blood here.
The wolf attacks as it pursues you! The wolf bites you but does no damage.
The wolf bites you.
* * * LOW HITPOINT WARNING * * *
You feel better. You block the wolf's attack. You block the wolf's attack.
You block the wolf's attack.
Things that are here:
a +0 spear; a +0 scale mail You block the wolf's attack.
You block the wolf's attack. The wolf bites you!
* * * LOW HITPOINT WARNING * * *
Items here: ))) [[[ †.
The wolf bites you but does no damage.
You feel better. The wolf bites you but does no damage.
You block the gnoll sergeant's attack.
You feel yourself speed up. The wolf bites you.
* * * LOW HITPOINT WARNING * * *
The wolf bites you but does no damage. You block the gnoll sergeant's attack.
You fail to use your ability.
The wolf bites you.
* * * LOW HITPOINT WARNING * * *
The wolf attacks as it pursues you! You block the wolf's attack.
You hit the wolf. You headbutt the wolf!
The wolf is almost dead.
You block the wolf's attack.
The gnoll sergeant hits you from afar with a +0 halberd.
* * * LOW HITPOINT WARNING * * *
You feel better. You block the wolf's attack.
The gnoll sergeant hits you from afar with a +0 halberd.
* * * LOW HITPOINT WARNING * * *
The wolf bites you but does no damage.
You hit the wolf but do no damage.
The wolf is almost dead.
The wolf bites you!
You die...

### ♣∩♣ ♣.♣ ♣♣)♣♣
♣♣♣♣.).♣♣
♣♣.......♣♣♣♣
♣♣♣@hg.))))...♣♣
♣♣..)....).......♣
♣♣≈≈≈≈≈≈≈.).≈≈≈≈≈≈≈♣
♣≈≈..gggg.........≈≈
♣≈.....).g.........≈
♣≈.######'''######.≈
♣≈. #.).# ≈
♣≈#####+#...#
♣≈#...g #...#


You could see 2 gnoll sergeants, a wolf and 4 gnolls.

Vanquished Creatures
  Grinder (D:3)
  Edmund (D:4)
  A water moccasin (D:6)
  Pargi (Sewer)
  A black bear (D:5)
  A wolf (Bailey)
  3 phantoms
  2 brain worms (Sewer)
  3 gnoll sergeants (Bailey)
  A scorpion (D:6)
  A bombardier beetle (D:6)
  4 jellies
  An orc priest (D:5)
  Ijyb (D:3)
  4 hounds
  A sleepcap (D:5)
  4 gnoll boudas (Bailey)
  Terence (D:3)
  6 iguanas
  3 orc wizards
  Robin (D:3)
  22 gnolls
  6 adders
  2 white imps
  4 ufetubi
  A ribbon worm (D:3)
  A dart slug (D:1)
  10 orcs
  5 ball pythons
  5 endoplasms
  7 giant cockroaches
  17 goblins
  5 hobgoblins
  5 jackals
  18 kobolds
  A quokka (D:4)
  5 bats
  3 frilled lizards
  11 rats
170 creatures vanquished.

Notes
Turn   | Place    | Note
-------+----------+-------------------------------------------
     0 | D:1      | Peloso the Minotaur Fighter began the quest for the Orb.
     0 | D:1      | Reached XP level 1. HP: 19/19 MP: 0/0
    46 | D:1      | Reached XP level 2. HP: 25/27 MP: 1/1
   223 | D:1      | Reached XP level 3. HP: 29/33 MP: 2/2
   574 | D:2      | Reached skill level 3 in Long Blades
   941 | D:2      | Reached XP level 4. HP: 41/41 MP: 3/3
  1051 | D:2      | Reached skill level 1 in Dodging
  1810 | D:2      | Found a faded altar of an unknown god.
  2007 | D:3      | Noticed Terence
  2017 | D:3      | Killed Terence
  2021 | D:3      | Noticed Grinder
  2042 | D:3      | Reached skill level 4 in Long Blades
  2042 | D:3      | Reached XP level 5. HP: 18/44 MP: 4/4
  2279 | D:3      | Found a glowing drain.
  2286 | Sewer    | Entered a sewer
  2305 | Sewer    | Reached skill level 5 in Armour
  2305 | Sewer    | Reached XP level 6. HP: 41/55 MP: 3/5
  2382 | Sewer    | Reached skill level 5 in Long Blades
  2462 | Sewer    | Noticed Pargi
  2471 | Sewer    | Killed Pargi
  2472 | Sewer    | Reached skill level 5 in Fighting
  2574 | D:3      | Found an opulent altar of Gozag.
  2632 | D:3      | Noticed Ijyb
  2649 | D:3      | Killed Ijyb
  2652 | D:3      | Noticed Robin
  2681 | D:3      | Killed Robin
  2927 | D:3      | Paralysed by Grinder for 3 turns
  2951 | D:3      | Killed Grinder
  2952 | D:3      | Reached skill level 6 in Long Blades
  2952 | D:3      | Reached XP level 7. HP: 44/61 MP: 6/6
  3326 | D:4      | Found a staircase to the Ecumenical Temple.
  3404 | D:4      | Reached skill level 5 in Shields
  3472 | Temple   | Entered the Ecumenical Temple
  3484 | Temple   | Became a worshipper of Warmaster Okawaru
  3500 | D:4      | Found Syife's Antique Armour Shop.
  3541 | D:4      | Reached skill level 1 in Unarmed Combat
  3545 | D:4      | Reached skill level 1 in Stealth
  3637 | D:4      | Noticed Edmund
  3656 | D:4      | Killed Edmund
  3657 | D:4      | Reached skill level 7 in Long Blades
  3787 | D:4      | Found a burning altar of Makhleb.
  3826 | D:4      | Found a hide-covered altar of Uskayaw.
  3829 | D:4      | Noticed Duvessa
  3829 | D:4      | Noticed Dowan
  3849 | D:5      | Entered Level 5 of the Dungeon
  3862 | D:5      | Reached XP level 8. HP: 54/70 MP: 7/7
  3898 | D:5      | Found a stormy altar of Qazlal.
  4101 | D:5      | Reached * piety under Okawaru
  4506 | D:6      | Reached skill level 8 in Long Blades
  4656 | D:6      | Found a glowing golden altar of the Shining One.
  4672 | D:6      | Noticed an angel
  5275 | D:6      | Found a sparkling altar of Nemelex Xobeh.
  5391 | D:6      | Found a basalt altar of Yredelemnul.
  5393 | D:6      | Noticed a profane servitor
  5430 | D:7      | Found Fuumnahe's Weapon Shop.
  5589 | D:7      | Found a flagged portal.
  5615 | Bailey   | Entered a bailey
  5636 | Bailey   | Reached XP level 9. HP: 67/79 MP: 8/8
  5728 | Bailey   | Reached ** piety under Okawaru
  6165 | Bailey   | Reached skill level 1 in Evocations
  6530 | Bailey   | Slain by a wolf

Illustrated notes

Levels and vault maps discovered:
D:1:      wander_arrival_estate, layout_basic, minmay_pentomino_r2
D:2:      layout_basic, hellmonk_ecumenical_altar_inner_sanctum,
          serial_co_window_serial, co_window_corner_a, co_window_paths_a,
          co_window_paths_b, co_window_corner_a, co_window_corner_a,
          co_window_paths_a, co_window_paths_b, co_window_broadway_b,
          co_window_2corner, co_window_broadway_b, co_window_unsneaky_path_d,
          co_window_2corner, co_window_of_opportunity_c,
          co_window_unsneaky_path_e, co_window_4corner_b, glass_columns_b,
          minmay_misc_feat_rows
D:3:      layout_basic, nicolae_gozag_seed_capital,
          mainiacjoe_sewer_entry_somewhere_in_here_2, serial_bayou_crossing,
          uniq_robin, uniq_grinder, uniq_ijyb, uniq_terence
D:4:      layout_loops_ring, mainiacjoe_overflow_large_starburst,
          temple_statues, serial_shops, shop_coins, uniq_edmund, uniq_duvessa
D:5:      layout_rooms, nicolae_qazlal_general_emergency
D:6:      layout_basic, grunt_temple_overflow_holy_war, lemuel_crystal_altar
D:7:      layout_loops_ring, mainiacjoe_overflow_small_starburst,
          mainiacjoe_overflow_alcove_1, serial_shops, shop, enter_bailey_7,
          lemuel_flamethrower_2
Temple:   minmay_temple_curvy_loop
Bailey:   bailey_polearm_gnolls_kennysheep, bailey

Skill      XL: |  1  2  3  4  5  6  7  8  9 |
---------------+----------------------------+-----
Fighting       | 4 5 7 |  7.3
Armour         | 4 5 6 7 |  7.5
Shields        | 4 5 7 |  7.9
Long Blades    | 3 4 6 7 8 |  8.7
Dodging        | 1 2 |  2.1
Unarmed Combat | 1 |  1.5
Stealth        | 1 |  1.3
Evocations     | 1 |  1.1

Action                     |  1- 3 |  4- 6 |  7- 9 || total
---------------------------+-------+-------+-------++-------
  Melee: Long sword        |    76 |   155 |   327 ||   558
         Headbutt          |    13 |    25 |    82 ||   120
         Unarmed           |       |     8 |       ||     8
  Evoke: Wand              |       |       |     3 ||     3
    Use: Scroll            |     1 |     5 |     2 ||     8
         Potion            |       |     1 |     4 ||     5
   Stab: Confused          |       |     1 |       ||     1
 Armour: Scale mail        |    63 |    56 |       ||   119
         Plate armour      |       |   101 |   309 ||   410
         Skin              |       |     2 |       ||     2
  Dodge: Dodged            |    55 |    56 |   114 ||   225
  Block: Buckler           |    22 |    46 |   221 ||   289
         Reflection        |       |       |     4 ||     4
